Map: Tours du crépuscule

Players

Workem - Winner!

  • Race: Terran Terran
  • League: Gold
  • Spawn Location: 1:00

zidar

  • Race: Zerg Zerg
  • League: Silver
  • Spawn Location: 7:00

VOD

Have the link to the VOD?

Description

Time

  • Played on: Jan. 19, 2016, 10:44 a.m.
  • Length: 18:25
Show
View Real Time Build Order
Export as new Build Order

Workem Terran - Winner!

Build Orders: Reaper Expand 

Get SALT Encoding   

  12  0:01  SCV  
  13  0:13  SCV  
  14  0:18  Supply Depot  
  14  0:25  SCV  
  15  0:36  Refinery  
  15  0:42  Barracks  
  15  0:44  SCV  
  16  0:56  SCV  
  17  1:08  SCV, Supply Depot  
  18  1:20  SCV  
  19  1:29  Reaper  
  20  1:45  Command Center  
  20  1:53  Orbital Command  
  20  2:07  Barracks Reactor  
  20  2:19  Factory  
  20  2:21  SCV  
  21  2:57  Marine x2  
  23  3:03  SCV  
  23  3:11  Barracks, Orbital Command  
  23  3:16  Refinery  
  23  3:17  Factory Tech Lab  
  23  3:25  Barracks  
  23  3:33  Marine x2  
  25  3:46  Siege Tank  
  28  4:10  Barracks Reactor  
  28  4:12  Barracks Tech Lab  
  28  4:15  Barracks  
  28  4:18  Starport  
  28  4:20  SCV  
  29  4:33  SCV  
  30  4:43  Engineering Bay  
  30  4:46  Engineering Bay  
  30  4:54  Siege Tank  
  30  4:56  Marine x2  
  30  4:57  Marine x2  
  30  4:58  Marauder  
  39  5:00  Stimpack  
  39  5:13  Viking  
  37  5:44  Marine x3, Marauder  
  37  5:45  Marine  
  43  5:59  Orbital Command  
  43  6:01  Terran Infantry Weapons Level 1  
  43  6:02  Terran Infantry Armor Level 1  
  43  6:06  Marauder  
  45  6:26  Marine  
  45  6:32  Supply Depot  
  46  6:34  Supply Depot  
  46  6:52  Starport Reactor  
  46  6:53  Marine x3, Starport  
  46  6:54  Marauder  
  51  6:55  Siege Tank  
  54  7:02  Barracks Tech Lab  
  54  7:20  Command Center  
  54  7:22  SCV  
  55  7:31  Supply Depot x2  
  55  7:34  SCV  
  56  7:46  Liberator x2, SCV  
  56  7:58  Starport Reactor, SCV  
  63  8:06  Marine x2  
  63  8:07  Marine x4  
  63  8:10  SCV  
  70  8:16  Supply Depot  
  70  8:24  Marine x3  
  70  8:25  Marine x3  
  76  8:28  Missile Turret  
  76  8:29  Missile Turret  
  76  8:30  Missile Turret  
  76  8:32  Missile Turret  
  76  8:35  Missile Turret  
  76  8:37  Orbital Command  
  76  8:40  Missile Turret  
  76  8:52  Missile Turret x2  
  76  9:13  Liberator x2  
  76  9:15  Refinery  
  76  9:16  Refinery  
  76  9:19  SCV  
  76  9:23  Refinery  
  77  9:25  Refinery  
  84  9:31  SCV  
  81  9:43  SCV  
  82  9:49  Missile Turret  
  82  9:50  Missile Turret  
  82  9:52  Missile Turret  
  82  9:55  SCV  
  82  9:56  Missile Turret  
  83  10:00  Marauder  
  83  10:01  Marine, Marauder  
  83  10:04  Marine  
  89  10:07  SCV  
  89  10:13  Liberator x2  
  90  10:21  SCV  
  91  10:32  Marine x4  
  101  10:47  Supply Depot  
  101  10:48  Supply Depot  
  101  11:08  Marine x2, SCV  
  101  11:09  Siege Tank  
  107  11:12  Marine x4  
  107  11:17  Armory  
  111  11:20  Armory, SCV  
  112  11:26  Marauder x2  
  112  11:30  Marine, Supply Depot  
  117  11:33  Supply Depot  
  117  11:52  SCV  
  118  12:04  SCV  
  113  12:39  Supply Depot  
  82  13:17  SCV  
  82  13:29  SCV  
  80  13:42  SCV  
  62  14:02  Liberator x4  
  50  14:07  Marine x2, Marauder x2  
  48  14:11  Thor  
  48  14:13  Terran Infantry Weapons Level 2  
  48  14:14  Terran Infantry Armor Level 2  
  66  14:25  Marine x2  
  66  14:26  Barracks Reactor  
  66  14:28  Marauder x2  
  66  14:29  Supply Depot  
  71  14:42  Marine  
  71  14:43  Marine  
  73  14:49  Marine, Marauder  
  73  14:50  Barracks x2  
  73  14:51  Barracks  
  76  14:57  Barracks, Liberator  
  76  14:58  Liberator x2  
  76  15:00  Marine x2  
  78  15:07  Marauder  
  78  15:09  Thor  
  78  15:11  Marauder  
  97  15:28  Marine  
  97  15:32  Marine  
  79  16:33  Orbital Command  
  79  16:39  Barracks Reactor  
  79  16:40  Barracks Reactor  
  79  16:41  Barracks Tech Lab x2  
  79  16:45  Marauder x2  
  79  16:46  Marine x3  
  79  16:47  Marine  
  87  17:04  Marine x4  
  87  17:06  Marauder x2  
  95  17:22  Marine x4  
  98  17:28  Marauder x2  
  103  17:30  Orbital Command  
  103  17:40  Marine x3  
  103  17:45  Marine x3, Marauder x2  
  103  17:46  Marine x2  
  103  17:49  Marauder x2  
  116  17:57  Marine  
Show
View Real Time Build Order
Export as new Build Order

zidar Zerg 

Build Orders: Hatch First, Muta Ling Bane 

Get SALT Encoding   

  12  0:02  Drone  
  13  0:12  Overlord  
  13  0:17  Drone  
  14  0:30  Drone x2  
  14  0:34  Drone  
  17  0:56  Hatchery  
  16  0:57  Drone  
  17  1:15  Spawning Pool, Drone  
  17  1:19  Extractor  
  17  1:21  Drone  
  17  1:36  Drone x2  
  19  1:47  Overlord  
  19  1:58  Drone  
  20  2:11  Queen  
  20  2:14  Queen  
  24  2:24  Drone x4  
  28  2:30  Metabolic Boost  
  28  2:58  Zergling x12  
  34  3:24  Baneling Nest  
  33  3:35  Drone x3  
  33  3:37  Overlord x2  
  33  3:38  Overlord  
  36  4:00  Hatchery  
  34  4:08  Zergling x10  
  34  4:09  Zergling x8  
  43  4:16  Baneling  
  43  4:17  Baneling x3  
  43  4:18  Baneling x2  
  43  4:36  Lair  
  43  4:50  Extractor  
  43  4:51  Extractor  
  41  5:08  Evolution Chamber  
  41  5:12  Evolution Chamber  
  26  5:45  Drone  
  26  5:46  Drone x16  
  43  5:51  Queen  
  46  6:04  Drone  
  46  6:06  Drone x7  
  53  6:14  Zerg Ground Armor Level 1, Zerg Melee Weapons Level 1  
  53  6:24  Extractor  
  52  6:30  Overlord x2  
  52  6:31  Overlord  
  52  6:38  Spire  
  51  6:48  Spore Crawler  
  50  7:06  Extractor x2  
  48  7:11  Drone x8  
  48  7:14  Zergling x6  
  48  7:15  Zergling x20  
  67  7:53  Mutalisk x3  
  67  7:57  Overlord  
  67  7:58  Overlord x3  
  73  8:10  Zerg Ground Armor Level 2, Infestation Pit  
  73  8:11  Zerg Melee Weapons Level 2  
  72  8:18  Mutalisk x3  
  78  8:20  Mutalisk  
  78  8:26  Zergling x2  
  78  8:27  Zergling x22  
  89  8:32  Centrifical Hooks  
  92  8:35  Baneling  
  92  8:36  Baneling x2  
  92  8:38  Baneling x4  
  92  8:54  Hive  
  92  8:55  Pneumatized Carapace  
  92  9:01  Overseer  
  91  9:38  Queen  
  93  9:46  Overlord  
  93  9:47  Overlord x3  
  93  9:48  Overlord  
  93  9:53  Pathogen Glands  
  93  10:24  Adrenal Glands  
  93  10:26  Hatchery  
  93  10:27  Ultralisk Cavern  
  91  10:32  Zergling x4  
  91  10:33  Zergling x22  
  104  10:44  Zerg Melee Weapons Level 3, Zerg Ground Armor Level 3  
  104  10:48  Zerg Flyer Weapons Level 1  
  104  10:56  Baneling x3  
  104  10:57  Baneling x10  
  104  11:36  Ultralisk x2  
  114  11:57  Corruptor x4  
  103  12:15  Corruptor x3  
  71  12:16  Corruptor x3  
  71  12:17  Corruptor  
  71  12:47  Ultralisk x2  
  79  12:58  Ultralisk  
  71  13:17  Zergling x2  
  71  13:18  Zergling x20  
  53  14:06  Ultralisk x2  
  53  14:07  Ultralisk  
  71  14:19  Ultralisk  
  77  14:38  Ultralisk  
  83  15:08  Zergling x8  
  83  15:09  Zergling x12  
  93  15:28  Ultralisk  
  47  16:34  Ultralisk x2  
  47  16:35  Ultralisk x2  
  71  16:40  Corruptor  
  71  16:42  Corruptor  
  75  16:53  Drone x3  
  78  16:55  Drone  
  67  17:55  Corruptor  
  67  17:56  Corruptor x3  
Tags
 
Add a new tag
Caveats
  • Supply blocks, unpowered buildings, or Contaminate may cause inaccurate times.
  • Supply counts are checked every 10 seconds.